 Dungeon Crawl Stone Soup version 0.29-a0-817-g9904bce7a6 (webtiles) character file.

Game seed: 8268131393199309235

39 blackman the Sneak (level 3, -2/29 HPs)
             Began as a Human Delver on July 5, 2022.
             Slain by an ufetubus (4 damage)
             ... on level 5 of the Dungeon.
             The game lasted 00:00:30 (647 turns).

blackman the Sneak (Human Delver)                    Turns: 647, Time: 00:00:31

Health: -2/29      AC:  3    Str: 14    XL:     3   Next: 67%
Magic:  3/3        EV: 12    Int: 10    God:
Gold:   28         SH:  0    Dex: 14    Spells: 2/2 levels left

rFire   . . .      SeeInvis .   a - +0 hand axe
rCold   . . .      Faith    .   (no shield)
rNeg    . . .      Spirit   .   b - +0 leather armour
rPois   .          Reflect  .   (no helmet)
rElec   .          Harm     .   (no cloak)
rCorr   .          Rampage  .   (no gloves)
Will    .....                   (no boots)
Stlth   +++.......              (no amulet)
HPRegen 0.09/turn               (no ring)
MPRegen 0.08/turn               (no ring)

@: no status effects
A: no striking features
a: no special abilities


You were on level 5 of the Dungeon.
You visited 1 branch of the dungeon, and saw 1 of its levels.

You collected 28 gold pieces.

Inventory:

Hand Weapons
 a - a +0 hand axe (weapon)
Armour
 b - a +0 leather armour (worn)
Wands
 g - a wand of digging (3)
Scrolls
 c - a scroll of fog
 d - a scroll of magic mapping
 e - a scroll of fear
Potions
 f - a potion of haste


   Skills:
 - Level 3.0 Fighting
 - Level 2.0 Axes
 - Level 2.0 Dodging
 - Level 5.0 Stealth
 + Level 3.0 Evocations


You had 2 spell levels left.
You didn't know any spells.
Your spell library was empty.

Dungeon Overview and Level Annotations

Branches:
Dungeon (5/15)
 Temple: D:4-7

Altars:
Ru
Vehumet


Message History

You hear a shout!
An ufetubus opens the door.
An ufetubus is nearby!
An ufetubus is nearby!
There is an open door here.
The ufetubus shouts!
You hit the ufetubus.
The ufetubus is moderately wounded.
The ufetubus hits you. x2
A hound comes into view.
The ufetubus hits you. The ufetubus misses you.
You miss the ufetubus.
The ufetubus is moderately wounded.
The ufetubus closely misses you. The ufetubus misses you.
The ufetubus hits you. x2
The hound stops to sniff the ground.
You hit the ufetubus but do no damage.
The ufetubus is lightly wounded.
The ufetubus closely misses you. The ufetubus hits you.
The ufetubus hits you but does no damage. x2
You are too injured to fight recklessly!
You are too injured to fight recklessly!
You are too injured to fight recklessly!
You are too injured to fight recklessly!
You are too injured to fight recklessly!
The hound pauses to sniff the ground.
You are too injured to fight recklessly!
You hit the ufetubus but do no damage.
The ufetubus is lightly wounded.
The ufetubus hits you. The ufetubus misses you. The ufetubus hits you.
* * * LOW HITPOINT WARNING * * *
The ufetubus barely misses you.
You hit the ufetubus but do no damage.
The ufetubus is lightly wounded.
The ufetubus hits you.
* * * LOW HITPOINT WARNING * * *
The ufetubus misses you. x2; The ufetubus hits you.
* * * LOW HITPOINT WARNING * * *
You miss the ufetubus. The ufetubus hits you.
You die...

###+### ##.....##
####.......#
#..#.......# #####
#..'..._...' #...#
#.##.......#
#@#.###.##..(....#
###5#.....###.....##
#####..h..###...###+###.
..........# #....... ##
P...P.....# #........
......P...# #.....###
P...P...### #.....#
.._.....# #.....#
P...P.... #######


You could see a hound and an ufetubus.

Vanquished Creatures
  A hound (D:5)
  An adder (D:5)
2 creatures vanquished.

Vanquished Creatures (others)
  16 plants (D:5)
16 creatures vanquished.

Grand Total: 18 creatures vanquished

Notes
Turn   | Place    | Note
-------+----------+-------------------------------------------
     0 | D:5      | blackman the Human Delver began the quest for the Orb.
     0 | D:5      | Reached XP level 1. HP: 18/18 MP: 1/1
    13 | D:5      | Found a radiant altar of Vehumet.
    37 | D:5      | Reached skill level 1 in Evocations
    37 | D:5      | Reached XP level 2. HP: 9/24 MP: 2/2
   320 | D:5      | Found a sacrificial altar of Ru.
   349 | D:5      | Reached XP level 3. HP: 4/29 MP: 3/3
   647 | D:5      | Slain by an ufetubus

Illustrated notes

Levels and vault maps discovered:
D:5:      layout_basic, mainiacjoe_overflow_cross_hatched,
          nicolae_vehumet_altar_sigil, elyvilon_altar_4

Skill      XL: |  1  2 |
---------------+-------+-----
Evocations     | 1 3 |  3.0
Fighting       | |  3.0
Axes           | |  2.0
Dodging        | |  2.0
Stealth        | |  5.0

Action                   || total
-------------------------++-------
Melee: Hand axe          ||    32
Armor: Leather armour    ||    12
Dodge: Dodged            ||    29

Table legend: (Time is in decaauts)
 A = Elapsed time spent in this place.
 B = Non-inter-level travel time spent in this place.
 C = Inter-level travel time spent in this place.
 D = Time resting spent in this place.
 E = Time spent auto-exploring this place.
 F = Levels seen in this place.
 G = Mean time per level.
                   A        B        C        D        E       F      G
               +--------+--------+--------+--------+--------+-----+--------+
         Total |    653 |    653 |      0 |    570 |      7 |   1 |  653.0 |
       Dungeon |    653 |    653 |      0 |    570 |      7 |   1 |  653.0 |
               +--------+--------+--------+--------+--------+-----+--------+

Top non-repeatable levels by time:
     D:5: 653 daAuts
